 Dungeon Crawl Stone Soup version 0.23.2-30-g0e89c35649 (webtiles) character file.

Game seed: 10973455892828214038

49 DildoBatman the Magician (level 4, -4/30 HPs)
             Began as a Formicid Wizard on June 18, 2019.
             Slain by a worm (5 damage)
             ... on level 2 of the Dungeon.
             The game lasted 00:05:00 (1876 turns).

DildoBatman the Magician (Formicid Wizard)          Turns: 1876, Time: 00:05:00

Health: -4/30      AC:  2    Str: 12    XL:     4   Next: 1%
Magic:  5/8        EV: 12    Int: 18    God:
Gold:   49         SH:  0    Dex:  9    Spells: 2/9 levels left

rFire    . . .     SeeInvis +   m - +0 flail
rCold    . . .     Gourm    .   (no shield)
rNeg     . . .     Faith    .   a - +0 robe
rPois    .         Spirit   .   (helmet unavailable)
rElec    .         Reflect  .   (no cloak)
rCorr    .         Harm     .   (no gloves)
MR       .....                  (no boots)
Stlth    ++........             (no amulet)
HPRegen  0.10/turn              (no ring)
MPRegen  0.11/turn              (no ring)

@: no status effects
A: permanent stasis, dig shafts and tunnels, four strong arms, antennae 3
a: Dig, Shaft Self


You were on level 2 of the Dungeon.
You were not hungry.

You visited 1 branch of the dungeon, and saw 2 of its levels.

You collected 49 gold pieces.

Inventory:

Hand Weapons
 h - a +0 dagger
 m - a +0 flail (weapon)
Missiles
 c - 21 stones (quivered)
 e - 6 needles of sleeping
 k - 20 bolts
 l - 21 sling bullets
Armour
 a - a +0 robe (worn)
 o - a +0 buckler
Scrolls
 b - a scroll of remove curse {unknown}
 d - 4 scrolls of identify {unknown}
 f - a scroll of fog {unknown}
 g - a scroll of random uselessness {unknown}
 i - 3 scrolls of teleportation {unknown}
 j - a scroll of blinking {unknown}
 n - a scroll of amnesia {unknown}
Potions
 p - a potion of invisibility {unknown}
 r - a potion of heal wounds {unknown}
 s - a potion of might {unknown}
Comestibles
 q - 4 chunks of flesh
 v - 8 rations


   Skills:
 - Level 1.7 Dodging
 - Level 2.4 Stealth
 - Level 3.2 Spellcasting
 * Level 3.2 Conjurations
   Level 1.0 Summonings
   Level 0.8 Translocations


You had 2 spell levels left.
You knew the following spells:

 Your Spells              Type           Power        Failure   Level  Hunger
a - Conjure Flame         Conj/Fire      #.......     24%         3    ###....
c - Magic Dart            Conj           ##..         4%          1    None
e - Mephitic Cloud        Conj/Pois/Air  #.......     30%         3    ###....

Your spell library contained the following spells:

 Spells                   Type           Power        Failure   Level  Hunger
 Call Imp                 Summ           #.......     16%         2    ##.....
 Slow                     Hex            #.......     24%         2    ##.....
 Blink                    Tloc           Unusable     N/A         2    N/A

Dungeon Overview and Level Annotations

Branches:
Dungeon (2/15)

Altars:
Vehumet
Yredelemnul


Innate Abilities, Weirdness & Mutations

You cannot be hasted, slowed, berserked, paralysed or teleported.
You can dig through walls and to a lower floor.
Your four strong arms can wield two-handed weapons with a shield.
You have a pair of large antennae on your head. (SInv)


Message History

You shout for attention!
The frilled lizard closely misses you. What are your orders? t - Shout!
Orders for allies: a - Attack new target. r - Retreat! s - Stop attacking. g - Guard the area. f - Follow me.
Anything else - Cancel.
You shout for attention!
The worm bites you. The frilled lizard misses you.
What are your orders? t - Shout!
Orders for allies: a - Attack new target. r - Retreat! s - Stop attacking. g - Guard the area. f - Follow me.
Anything else - Cancel.
You shout for attention!
The worm bites you.
You die...

...... ........# ... ....#
#.# #... #.# #..# . #.#
#..# .. #.# #.w###.#..#
###.###..@l.....#
#.........#.....#
#.#.####..# .#### #). #
#.#..# #(.#. #### #.. #
#.##.# #..#. ..# #.. #
#.##.# #..##. #.# #.# ###
#.##.###..##.##.###.####..
#.#...............#.##...#
#.#..#.##.####....#.##.###


You could see a worm and a frilled lizard.

Vanquished Creatures
  A gnoll (D:1)
  An ooze (D:1)
  2 worms
  A leopard gecko (D:1)
  3 giant cockroaches
  4 goblins
  5 hobgoblins
  2 jackals (D:1)
  A kobold (D:2)
  3 bats
  3 frilled lizards
  2 rats
28 creatures vanquished.

Notes
Turn   | Place    | Note
-------+----------+-------------------------------------------
     0 | D:1      | DildoBatman the Formicid Wizard began the quest for the
                  | Orb.
     0 | D:1      | Reached XP level 1. HP: 13/13 MP: 4/4
    76 | D:1      | Reached skill level 1 in Conjurations
   199 | D:1      | Reached XP level 2. HP: 18/19 MP: 0/6
   637 | D:1      | Reached XP level 3. HP: 23/24 MP: 1/7
   643 | D:1      | Learned a level 3 spell: Conjure Flame
   647 | D:1      | Learned a level 3 spell: Mephitic Cloud
  1495 | D:2      | Found a basalt altar of Yredelemnul.
  1686 | D:2      | Found a radiant altar of Vehumet.
  1847 | D:2      | Reached XP level 4. HP: 26/30 MP: 2/8
  1875 | D:2      | HP: 1/30 [worm (3)]
  1876 | D:2      | Slain by a worm

Skill      XL: |  1  2  3 |
---------------+----------+-----
Conjurations   | 1 2 3 |  3.2
Dodging        | |  1.7
Stealth        | |  2.4
Spellcasting   | |  3.2
Summonings     | |  1.0
Translocations | |  0.8

Action                   |  1- 3 |  4- 6 || total
-------------------------+-------+-------++-------
Melee: Unarmed           |     6 |       ||     6
       Dagger            |    14 |       ||    14
       Flail             |    12 |       ||    12
Throw: Stone             |    17 |       ||    17
 Cast: Magic Dart        |    75 |       ||    75
       Mephitic Cloud    |     4 |       ||     4
       Conjure Flame     |     1 |       ||     1
 Abil: Dig               |     3 |       ||     3
 Stab: Sleeping          |     1 |       ||     1
  Eat: Chunk             |     4 |       ||     4
Armor: Robe              |    12 |       ||    12
Dodge: Dodged            |    35 |    15 ||    50
